 Dungeon Crawl Stone Soup version 0.22.1-1-ga44c0e56f4 (webtiles) character file.

93 Rhok the Ducker (level 4, 0/35 HPs)
             Began as a Merfolk Gladiator on Oct 5, 2018.
             Killed from afar by Sigmund (7 damage)
             ... with a wand of flame (17)
             ... on level 2 of the Dungeon.
             The game lasted 00:02:07 (1636 turns).

Rhok the Ducker (Merfolk Gladiator)                 Turns: 1636, Time: 00:02:08

Health: 0/35       AC:  5    Str: 15    XL:     4   Next: 61%
Magic:  4/4        EV: 14    Int:  7    God:
Gold:   55         SH:  0    Dex: 15    Spells: 3/3 levels left

rFire    . . .     SeeInvis .   h - +0 dagger (venom)
rCold    . . .     Gourm    .   (no shield)
rNeg     . . .     Faith    .   b - +0 leather armour
rPois    .         Spirit   .   c - +0 helmet
rElec    .         Reflect  .   (no cloak)
rCorr    .         Harm     .   i - +0 pair of gloves
MR       .....                  (no boots)
Stlth    +.........             (no amulet)
HPRegen  0.11/turn              n - ring of flight
MPRegen  0.09/turn              (no ring)

@: no status effects
A: change form in water, swift swim, stealthy swim
a: Evoke Flight


You were on level 2 of the Dungeon.
You were hungry.

You visited 1 branch of the dungeon, and saw 2 of its levels.

You collected 55 gold pieces.

Inventory:

Hand Weapons
 a - a +0 long sword
 h - a +0 dagger of venom (weapon)
Missiles
 d - 3 throwing nets (quivered)
Armour
 b - a +0 leather armour (worn)
 c - a +0 helmet (worn)
 i - a +0 pair of gloves (worn)
Jewellery
 n - a ring of flight (left hand)
Scrolls
 e - a scroll of enchant weapon {unknown}
 j - a scroll of fog {unknown}
 k - a scroll of blinking {unknown}
Potions
 g - a potion of agility
Comestibles
 f - 6 rations


   Skills:
 + Level 3.2 Fighting
 + Level 4.0 Long Blades
 + Level 2.9 Throwing
 + Level 4.8 Dodging


You had 3 spell levels left.
You didn't know any spells.
Your spell library was empty.

Dungeon Overview and Level Annotations

Branches:
Dungeon (2/15)

Altars:

Annotations:
D:2 Sigmund


Message History

Sigmund zaps a wand.
The puff of flame misses you.
It is a wand of flame (19).
Sigmund is nearby!
Sigmund is nearby!
Sigmund points at you and mumbles some strange words.
The puff of flame hits you! Sigmund hits you with a scythe.
Unknown command.
Unknown command.
Unknown command.
You hit Sigmund but do no damage.
Sigmund is poisoned.
You hit Sigmund.
Sigmund is lightly wounded.
Sigmund points at you and mumbles some strange words.
The puff of flame hits you!
Sigmund zaps a wand.
The puff of flame hits you!
* * * LOW HITPOINT WARNING * * *
Sigmund zaps a wand.
The puff of flame hits you!
* * * LOW HITPOINT WARNING * * *
Sigmund zaps a wand.
The puff of flame hits you!
You die...

*,*********#.# #..# *,***,** #.#
#..# *,**,,,*####.####..#
*,*,,,,,#@...†.....#
*******,........##@###...#
,,,,,,,,#.....###...##...########
,*******##...#* #...##...........
,* ##.#####...##.########## ,*
#<##..@......#### ,*
#.##............# ,*
#.##.........##.# ,*
#.##.##...##.##.# ,*
#.##.##...##.##.### ,*
######.##.##...##......# ,*
#.............###...÷..##### ,*
#.####.#####...##..†........ ,*
#.####.# #.#.###.....#####


You could see Sigmund.

Vanquished Creatures
  Robin (D:2)
  2 adders (D:2)
  A worm (D:2)
  2 dart slugs (D:1)
  2 leopard geckos
  2 ball pythons
  5 bats
  5 giant cockroaches
  14 goblins
  8 hobgoblins
  A quokka (D:2)
  2 frilled lizards
  3 kobolds
  2 rats
50 creatures vanquished.

Notes
Turn   | Place    | Note
-------+----------+-------------------------------------------
     0 | D:1      | Rhok the Merfolk Gladiator began the quest for the Orb.
     0 | D:1      | Reached XP level 1. HP: 16/16 MP: 1/1
   109 | D:1      | Reached XP level 2. HP: 23/23 MP: 2/2
   568 | D:2      | Reached XP level 3. HP: 23/28 MP: 3/3
   746 | D:2      | Noticed Robin
   807 | D:2      | Killed Robin
   807 | D:2      | Reached XP level 4. HP: 7/35 MP: 4/4
  1624 | D:2      | Noticed Sigmund
  1636 | D:2      | Killed from afar by Sigmund

Skill      XL: |  1  2  3  4 |
---------------+-------------+-----
Fighting       | 3 |  3.2
Long Blades    | 4 |  4.0
Throwing       | |  2.9
Dodging        | |  4.8

Action                   |  1- 3 |  4- 6 || total
-------------------------+-------+-------++-------
Melee: Long sword        |    97 |    33 ||   130
       Dagger            |       |     4 ||     4
  Use: Potion            |     1 |       ||     1
       Scroll            |       |     3 ||     3
  Eat: Chunk             |       |     2 ||     2
Armor: Leather armour    |    28 |    17 ||    45
Dodge: Dodged            |   103 |    32 ||   135
       Rpst.: Long sword |    28 |     5 ||    33
